 Dungeon Crawl Stone Soup version 0.23-a0-714-g00c90a0c22 (webtiles) character file.

749 MirrMurr the Covert (level 7, -3/32 HPs)
             Began as a Spriggan Enchanter on Jan 16, 2019.
             Was a Believer of Wu Jian.
             Killed from afar by an orc wizard (5 damage)
             ... with a magic dart
             ... on level 4 of the Dungeon.
             The game lasted 00:15:40 (7161 turns).

MirrMurr the Covert (Spriggan Enchanter)            Turns: 7161, Time: 00:15:41

Health: -3/32      AC:  2    Str:  4    XL:     7   Next: 48%
Magic:  14/14      EV: 18    Int: 18    God:    Wu Jian [**....]
Gold:   278        SH:  0    Dex: 17    Spells: 3/14 levels left

rFire    . . .     SeeInvis +   a - +3 dagger
rCold    . . .     Gourm    .   (shield restricted)
rNeg     . . .     Faith    .   s - +0 robe
rPois    .         Spirit   .   (helmet restricted)
rElec    .         Reflect  .   (no cloak)
rCorr    .         Harm     .   (gloves unavailable)
MR       +....                  (boots unavailable)
Stlth    ++........             (no amulet)
HPRegen  0.10/turn              (no ring)
MPRegen  0.14/turn              (no ring)

@: slow
A: very small, unfitting armour, see invisible, herbivore, speed 3, slow
metabolism 2
a: Wall Jump, Renounce Religion


You were on level 4 of the Dungeon.
You worshipped Wu Jian.
Wu Jian was pleased with you.
You were not hungry.

You visited 2 branches of the dungeon, and saw 5 of its levels.
You also visited: Sewer.

You collected 278 gold pieces.

Inventory:

Hand Weapons
 a - a +3 dagger (weapon)
 b - a +0 hunting sling
Missiles
 d - 140 stones (quivered)
 o - 13 sling bullets
 t - 33 poisoned needles
Armour
 r - a cursed +1 robe
 s - a +0 robe (worn)
Jewellery
 k - an uncursed amulet of magic regeneration {unknown}
 p - an uncursed ring of see invisible {unknown}
 q - an uncursed ring of protection from fire {unknown}
 x - an uncursed amulet of guardian spirit {unknown}
Wands
 l - a wand of enslavement (16)
Scrolls
 i - 2 scrolls of amnesia
 j - a scroll of teleportation
 u - a scroll of magic mapping
 v - 2 scrolls of fog
Potions
 e - 2 potions of curing
 f - a potion of agility {unknown}
 g - a potion of haste {unknown}
 h - 2 potions of might {unknown}
 m - a potion of resistance {unknown}
 n - a potion of magic {unknown}
 w - a potion of heal wounds {unknown}
Comestibles
 c - 2 rations


   Skills:
 - Level 5.5 Short Blades
 - Level 3.0 Dodging
 - Level 8.0 Stealth
 - Level 4.0 Spellcasting
 * Level 6.4 Hexes


You had 3 spell levels left.
You knew the following spells:

 Your Spells              Type           Power        Failure   Level  Hunger
a - Ensorcelled Hibernat  Hex/Ice        ###...       6%          2    ##.....
b - Confuse               Hex            ####....     3%          3    ###....
c - Tukima's Dance        Hex            ####....     3%          3    ###....
d - Dazzling Spray        Conj/Hex       ###...       12%         3    ###....

Your spell library contained the following spells:

 Spells                   Type           Power        Failure   Level  Hunger
 Corona                   Hex            ####...      1%          1    None
 Bolt of Magma            Conj/Fire/Erth #.........   99%         5    ######.
 Iskenderun's Battlesphe  Conj/Chrm      #.......     99%         5    ######.
 Venom Bolt               Conj/Pois      #.........   99%         5    ######.
 Iron Shot                Conj/Erth      #.........   100%        6    #######
 Orb of Destruction       Conj           #.........   100%        7    #######
 Spellforged Servitor     Conj/Summ      #.........   100%        7    #######


Dungeon Overview and Level Annotations

Branches:
Dungeon (4/15)             Temple (1/1) D:4

Altars:
Cheibriados
Qazlal
Wu Jian


Innate Abilities, Weirdness & Mutations

You are very small and have problems with some larger weapons.
You are too small for most types of armour.
You have supernaturally acute eyesight. (SInv)
You are a herbivore.
You cover ground extremely quickly.
You need to consume almost no food.


Message History

The orc wizard casts a spell at you. The puff of flame hits you!
* * * LOW HITPOINT WARNING * * *
You feel better.
The orc wizard begins to cast a cantrip, but forgets the words!
The orc wizard casts a cantrip, but nothing happens.
The orc wizard gestures at you while chanting.
The puff of frost misses you. The orc wizard casts a spell at you.
The puff of flame hits you!
* * * LOW HITPOINT WARNING * * *
Found a stone staircase leading up.
The orc wizard casts a spell at you. The puff of frost hits you!
* * * LOW HITPOINT WARNING * * *
You enter the shallow water.
Moving in this stuff is going to be slow.
The orc wizard casts a spell at you. The magic dart hits you!
You die...

# ##...........# .#
#.#.##
###.......######.##
##<#####.#.## ....#
##.####..........## #####
#..≈≈§..######.#### #
#.≈≈§§≈.######.# # ######
##§§§§§§§.......# #
.....# #.§§≈>≈§§########
# .###.# #.§§≈≈§§≈# #
..##.# #..@§§≈≈.#
..##.#########...≈§≈.....
...........(.#....#.#####
.###..#.####.##..##.# .#
#..#.####.#...##.# .#
#..#.##...#..##... .#
#..#.##.........#
.###..#.##.###o....#
......#.##.###...###


You could see an orc wizard.

Vanquished Creatures
  A black bear (D:2)
  A phantom (D:2)
  3 bullfrogs
  A hound (D:4)
  An orc priest (D:4)
  An orc wizard (D:4)
  A bullfrog skeleton (D:4)
  A worker ant (D:4)
  11 adders
  2 river rats (D:3)
  An ooze (D:3)
  A worm (D:2)
  2 leopard geckos
  9 orcs
  5 ball pythons
  8 giant cockroaches
  6 goblins
  6 hobgoblins
  10 jackals
  12 kobolds
  4 quokkas
  10 bats
  14 frilled lizards
  A jackal skeleton (D:4)
  10 rats
122 creatures vanquished.

Notes
Turn   | Place    | Note
-------+----------+-------------------------------------------
     0 | D:1      | MirrMurr the Spriggan Enchanter began the quest for the
                  | Orb.
     0 | D:1      | Reached XP level 1. HP: 9/9 MP: 5/5
   479 | D:1      | Reached XP level 2. HP: 13/13 MP: 6/6
   483 | D:1      | Learned a level 2 spell: Ensorcelled Hibernation
   492 | D:1      | Reached skill level 5 in Stealth
  1989 | D:2      | Found a snail-covered altar of Cheibriados.
  1999 | D:2      | Found an ornate altar of the Wu Jian Council.
  2008 | D:2      | Became a worshipper of the Wu Jian Council
  2322 | D:2      | Reached XP level 3. HP: 16/16 MP: 8/8
  2331 | D:2      | Learned a level 3 spell: Confuse
  2715 | D:2      | Reached skill level 6 in Stealth
  2884 | D:2      | Reached XP level 4. HP: 21/21 MP: 9/9
  2884 | D:2      | Noticed a bullfrog
  3032 | D:2      | Killed a bullfrog
  3032 | D:2      | Reached skill level 7 in Stealth
  3032 | D:2      | Reached XP level 5. HP: 22/24 MP: 7/10
  3037 | D:2      | Learned a level 3 spell: Tukima's Dance
  3104 | D:2      | Reached * piety under Wu Jian
  3175 | D:2      | Noticed a phantom
  3214 | D:2      | Killed a phantom
  3447 | D:2      | Reached skill level 8 in Stealth
  3570 | D:2      | Reached XP level 6. HP: 28/28 MP: 0/11
  3866 | D:2      | Reached skill level 5 in Short Blades
  4334 | D:3      | Found a faded altar of an unknown god.
  4456 | D:3      | Found a glowing drain.
  4470 | Sewer    | Entered a sewer
  4906 | Sewer    | Reached XP level 7. HP: 17/32 MP: 7/13
  5452 | D:3      | Reached skill level 5 in Hexes
  5648 | D:3      | Found a stormy altar of Qazlal.
  5655 | D:3      | Noticed a fire elemental
  5707 | D:3      | Noticed an air elemental
  5708 | D:3      | Noticed a water elemental
  5890 | D:3      | Reached ** piety under Wu Jian
  6178 | D:4      | Learned a level 3 spell: Dazzling Spray
  6293 | D:4      | Found a staircase to the Ecumenical Temple.
  6305 | Temple   | Entered the Ecumenical Temple
  7161 | D:4      | Killed from afar by an orc wizard

Vault maps used:
D:1:      onia_arrival_pentagram
D:2:      minmay_thinvault, minitemple, st_stairs_7
D:3:      first_ration, chequers_ecumenical_altar_simple_redux,
          portal_sewer_entry_a, nicolae_qazlal_style_of_elements
D:4:      minmay_temple_entry_mist, minmay_circle_x
Temple:   minmay_temple_curvy_branch
Sewer:    sewer_frog_island_01

Skill      XL: |  1  2  3  4  5  6  7 |
---------------+----------------------+-----
Stealth        | 5 6 7 8 |  8.0
Short Blades   | 2 3 4 5 |  5.5
Spellcasting   | 3 4 |  4.0
Hexes          | 4 6 |  6.4
Dodging        | |  3.0

Action                   |  1- 3 |  4- 6 |  7- 9 || total
-------------------------+-------+-------+-------++-------
Melee: Dagger            |   191 |   163 |   196 ||   550
 Cast: Corona            |     1 |       |       ||     1
       Ensorcelled Hiber |    12 |    25 |    24 ||    61
       Confuse           |       |     2 |     3 ||     5
Invok: Lunge             |    11 |    13 |    16 ||    40
       Whirlwind         |       |     8 |     9 ||    17
  Use: Scroll            |       |     4 |     4 ||     8
       Potion            |       |       |     1 ||     1
 Stab: Sleeping          |    19 |    22 |    16 ||    57
       Confused          |       |     2 |     1 ||     3
       Distracted        |       |     1 |       ||     1
  Eat: Ration            |     1 |     1 |     3 ||     5
Armor: Robe              |    27 |     6 |    10 ||    43
Dodge: Dodged            |   155 |   106 |   115 ||   376

Table legend:
 A = Non-vault XP
 B = Vault XP
 C = Vault XP percentage of total XP
 D = Non-vault monster count
 E = Vault monster count
 F = Vault count percentage of total count
                 A         B        C        D         E       F
            +---------+---------+-------+---------+---------+-------
      Total |     671 |     400 |  37.3 |      82 |      40 |  32.8
            +---------+---------+-------+---------+---------+-------
        D:1 |      38 |       0 |   0.0 |      25 |       0 |   0.0
        D:2 |     339 |     139 |  29.1 |      22 |      18 |  45.0
        D:3 |      34 |      29 |  46.0 |      17 |       4 |  19.0
        D:4 |     257 |       0 |   0.0 |      17 |       0 |   0.0
     Temple |       3 |       0 |   0.0 |       1 |       0 |   0.0
      Sewer |       0 |     232 | 100.0 |       0 |      18 | 100.0
            +---------+---------+-------+---------+---------+-------
